 Dungeon Crawl Stone Soup version 0.29.1-2-gbd0b4ee654 (webtiles) character file.

Game seed: 5381837319181984215

257 qeuew the Agent of Entropy (level 5, -2/37 HPs)
             Began as a Demonspawn Abyssal Knight on Nov 15, 2022.
             Was a Priest of Lugonu.
             Slain by a gnoll
             ... wielding a +0 halberd
              (5 damage)
             ... on level 4 of the Dungeon.
             The game lasted 00:04:00 (3778 turns).

qeuew the Agent of Entropy (DsAK)                   Turns: 3778, Time: 00:04:02

Health: -2/37      AC:  8    Str: 18    XL:     5   Next: 93%
Magic:  0/8        EV: 12    Int: 10    God:    Lugonu [***...]
Gold:   146        SH:  0    Dex: 14    Spells: 4/4 levels left

rFire   . . .      SeeInvis .   a - +2 hand axe
rCold   . . .      Faith    .   (no shield)
rNeg    + . .      Spirit   +   b - +1 leather armour
rPois   .          Reflect  .   (helmet restricted)
rElec   .          Harm     .   (no cloak)
rCorr   .          Rampage  .   (no gloves)
Will    .....                   (no boots)
Stlth   +.........              h - amulet of guardian spirit
HPRegen 0.12/turn               j - +4 ring of protection
MPRegen 0.11/turn               d - ring of positive energy

@: no status effects
A: hooves 1, weakness stinger 1, antennae 1, frail 1, strong 1
a: Renounce Religion, Depart the Abyss, Bend Space, Banish


You were on level 4 of the Dungeon.
You worshipped Lugonu.
Lugonu was most pleased with you.
You visited 1 branch of the dungeon, and saw 5 of its levels.
You visited the Abyss 1 time.

You collected 146 gold pieces.

Inventory:

Hand Weapons
 a - a +2 hand axe (weapon)
Armour
 b - a +1 leather armour (worn)
Jewellery
 d - a ring of positive energy (right hand)
 h - an amulet of guardian spirit (around neck)
 j - a +4 ring of protection (left hand)
Scrolls
 c - 3 scrolls of teleportation
 e - a scroll of blinking
 g - a scroll of amnesia {unknown}
Potions
 f - 2 potions of curing
 i - 2 potions of resistance
 k - a potion of brilliance
 l - a potion of berserk rage


   Skills:
 + Level 4.0 Fighting
 + Level 2.9 Axes
 + Level 3.0 Armour
 + Level 2.4 Dodging
 + Level 4.1 Invocations


You had 4 spell levels left.
You didn't know any spells.
Your spell library contained the following spells:

 Spells                   Type           Power      Damage    Failure   Level
 Beastly Appendage        Tmut           0%         N/A       41%         1
 Slow                     Hex            0%         N/A       41%         1
 Wereblood                Tmut           0%         N/A       56%         2
 Confusing Touch          Hex            0%         N/A       80%         3
 Spider Form              Tmut/Pois      0%         N/A       80%         3
 Vampiric Draining        Necr           0%         2d6       80%         3


Dungeon Overview and Level Annotations

Branches:
Dungeon (5/15)
 Temple: D:4-7

Altars:


Innate Abilities, Weirdness & Mutations

You have large cloven feet.
You have a small tail.
You have a pair of small antennae on your head.
You are frail. (-10% HP)
Your muscles are strong. (Str +4, Int/Dex -1)


Message History

You are too injured to fight recklessly!
You are too injured to fight recklessly!
You are too injured to fight recklessly!
You are too injured to fight recklessly!
You are too injured to fight recklessly!
You are too injured to fight recklessly!
You are too injured to fight recklessly!
You are too injured to fight recklessly!
You are too injured to fight recklessly!
You are too injured to fight recklessly!
You are too injured to fight recklessly!
You hit the gnoll. You tail-slap the gnoll.
The gnoll is severely wounded.
You hit the gnoll.
The gnoll barely misses you. x3; The gnoll misses you.
You barely miss the gnoll. Your kick misses the gnoll.
The gnoll is severely wounded.
You hit the gnoll. The gnoll misses you.
The gnoll hits you from afar with a +0 halberd!
* * * LOW HITPOINT WARNING * * *
The gnoll closely misses you. x2
Unknown command.
You hit the gnoll.
Your tail-slap misses the gnoll.
The gnoll is almost dead.
You hit the gnoll.
The gnoll hits you from afar with a +0 halberd.
* * * LOW HITPOINT WARNING * * *
The gnoll hits you from afar with a +0 spear.
* * * LOW HITPOINT WARNING * * *
The gnoll completely misses you. The gnoll misses you.
The gnoll barely misses you.
The gnoll hits you from afar with a +0 spear!
* * * LOW HITPOINT WARNING * * *
You hit the gnoll.
You kill the gnoll!
Lugonu accepts your kill.
You hit the gnoll.
You kill the gnoll!
Lugonu accepts your kill.
The gnoll hits you from afar with a +0 halberd.
You die...

###....#...†...........#
#..................#
##...............#
#..............###
.....##.........##
#...####.......#####
#..# #.#....gg##.## #..
##.###...)#...# ...
#...###.#)@<..## ...
...#....#[[....## .
....##...))......#
..#####..........## ...
#......###.## #........#
### ##....(.## ##.....#
##....#


You could see 2 gnolls.

Vanquished Creatures
  A phantom (D:5)
  2 orc wizards (D:4)
  Robin (D:3)
  4 adders
  2 gnolls (D:4)
  2 dart slugs (D:2)
  3 orcs
  5 bats
  5 endoplasms
  2 giant cockroaches
  10 goblins
  12 hobgoblins
  2 jackals (D:1)
  4 kobolds
  2 quokkas
  4 ball pythons
  7 frilled lizards
  8 rats
76 creatures vanquished.

Notes
Turn   | Place    | Note
-------+----------+-------------------------------------------
     0 | Abyss:1  | qeuew the Demonspawn Abyssal Knight began the quest for the
                  | Orb.
     0 | Abyss:1  | Reached XP level 1. HP: 18/18 MP: 2/2
     1 | D:1      | Escaped the Abyss
    73 | D:1      | Reached skill level 1 in Dodging
    89 | D:1      | Found a faded altar of an unknown god.
   326 | D:1      | Discovered your monstrous ancestry.
   326 | D:1      | Gained mutation: You have a small tail. [demonic ancestry]
   326 | D:1      | Reached XP level 2. HP: 23/24 MP: 4/4
  1107 | D:2      | Reached XP level 3. HP: 29/29 MP: 5/5
  1108 | D:2      | Reached *** piety under Lugonu
  2054 | D:3      | Reached XP level 4. HP: 33/35 MP: 6/6
  2287 | D:3      | Noticed Robin
  2312 | D:3      | Killed Robin
  2854 | D:3      | You fall into a shaft and drop 2 floors!
  2854 | D:5      | Entered Level 5 of the Dungeon
  2857 | D:5      | Noticed a phantom
  2877 | D:5      | Killed a phantom
  2878 | D:5      | Gained mutation: You have large cloven feet. [demonic
                  | ancestry]
  2878 | D:5      | Reached XP level 5. HP: 39/42 MP: 7/7
  3195 | D:3      | Gained mutation: Your muscles are strong. (Str +4, Int/Dex
                  | -1) [potion of mutation]
  3195 | D:3      | Gained mutation: You have a pair of small antennae on your
                  | head. [potion of mutation]
  3195 | D:3      | Gained mutation: You are frail. (-10% HP) [potion of
                  | mutation]
  3778 | D:4      | Slain by a gnoll

Illustrated notes

Levels and vault maps discovered:
D:1:      dpeg_arrival_arbitrary_a, layout_loops_ring,
          ebering_ecumenical_altar_hall, minmay_strange_pillars
D:2:      layout_basic
D:3:      layout_basic, corexii_item_surrounded_by_moat,
          chequers_serial_rivers_micro_b, minmay_misc_feat_columns,
          dreamdust_princess_bridge, uniq_robin
D:4:      layout_cave_pools, gammafunk_temple_overflow_claw
D:5:      layout_layer_cave, nicolae_qazlal_general_emergency, serial_shops,
          nicolae_shop_statue_plus, uniq_ijyb

Skill      XL: |  1  2  3  4  5 |
---------------+----------------+-----
Dodging        | 1 2 |  2.4
Axes           | 2 |  2.9
Armour         | 2 3 |  3.0
Invocations    | 3 4 |  4.1
Fighting       | 4 |  4.0

Action                   |  1- 3 |  4- 6 || total
-------------------------+-------+-------++-------
Melee: Hand axe          |   106 |    99 ||   205
       Punch             |     2 |     3 ||     5
       Tailslap          |    14 |    10 ||    24
       Kick              |       |     7 ||     7
Invok: Bend Space        |       |     1 ||     1
  Use: Scroll            |     8 |     2 ||    10
       Potion            |     4 |     2 ||     6
 Stab: Sleeping          |     1 |       ||     1
Armor: Leather armour    |    40 |    52 ||    92
Dodge: Dodged            |    76 |    86 ||   162
